 Dungeon Crawl Stone Soup version 0.31-a0-1237-gabc64e778c (webtiles) character file.

Game seed: 3644356984999945493

2303 night the Fighter (level 9, -10/71 HPs)
             Began as a Djinni Conjurer on Dec 15, 2023.
             Was an Initiate of Gozag.
             Mangled by an orc warlord
             ... wielding a +5 broad axe
              (12 damage)
             ... in a bailey.
             The game lasted 00:16:41 (6846 turns).

night the Fighter (Djinni Conjurer)                 Turns: 6846, Time: 00:16:42

Health: -10/71     AC: 10    Str:  6    XL:     9   Next: 67%
Gold:   57         EV: 16    Int: 23    God:    Gozag SH:  0 Dex: 13

rFire   + + +        (no weapon)
rCold   . . .        (no shield)
rNeg    . . .        c - +3 leather armour
rPois   ∞            E - +0 helmet
rElec   +            k - +1 cloak
rCorr   +            l - +0 pair of gloves
SInv    .            (boots unavailable)
Will    +....        (no amulet)
Stlth   ++           d - +5 ring of evasion
HPRegen 0.31/turn    (no ring)
MPRegen 0.00/turn

%: infuse magic (-11 HP)
@: brilliant, resistant, enlightened, flying, hasted, very quick
A: sickness immunity, fire resistance 2, cold vulnerability 1, float, innate
caster, HP casting, extra vitality 1
a: Renounce Religion, Potion Petition, Call Merchant, Bribe Branch


You were in a bailey.
You worshipped Gozag.
Gozag was noncommittal.
You visited 2 branches of the dungeon, and saw 8 of its levels.
You also visited: Bailey.

You collected 731 gold pieces.
You paid 674 gold pieces to Gozag.

Inventory:

Missiles
 h - 42 stones
 q - 3 boomerangs
 F - a throwing net
 G - 2 javelins
Armour
 a - a +0 robe
 c - a +3 leather armour (worn)
 k - a +1 cloak (worn)
 l - a +0 pair of gloves (worn)
 E - a +0 helmet (worn)
Jewellery
 d - a +5 ring of evasion (left hand)
Talismans
 s - a storm talisman
Wands
 n - a wand of polymorph (3)
 y - a wand of mindburst (13)
 B - a wand of light (9)
 D - a wand of roots (6)
 J - a wand of paralysis (5)
Scrolls
 e - a scroll of revelation
 f - a scroll of acquirement {unknown}
 g - 2 scrolls of amnesia {unknown}
 i - a scroll of vulnerability {unknown}
 j - 5 scrolls of identify
 m - 2 scrolls of fear
 u - a scroll of fog {unknown}
 A - a scroll of teleportation {unknown}
Potions
 b - a potion of invisibility {unknown}
 o - a potion of heal wounds {unknown}
 r - a potion of lignification {unknown}
 t - a potion of brilliance {unknown}
 v - a potion of resistance {unknown}
 w - a potion of degeneration {unknown}
 x - a potion of cancellation {unknown}
 z - a potion of curing {unknown}
 C - a potion of ambrosia {unknown}
 H - a potion of magic {unknown}
 I - a potion of enlightenment {unknown}


   Skills:
 + Level 8.6 Fighting
 - Level 2.1 Dodging
 - Level 1.5 Stealth
 + Level 7.3 Spellcasting
 + Level 7.3 Conjurations
 + Level 7.3 Hexes
 + Level 7.3 Summonings
 + Level 7.3 Necromancy
 + Level 7.3 Translocations
 + Level 7.3 Transmutations
 + Level 7.3 Fire Magic
 + Level 7.3 Ice Magic
 + Level 7.3 Air Magic
 + Level 7.3 Earth Magic
 + Level 7.3 Poison Magic


You knew the following spells:

 Your Spells              Type           Power      Damage    Failure   Level
a - Magic Dart            Conj           100%       1d8       1%          1
b - Searing Ray           Conj           100%       2d8       1%          2
c - Iskenderun's Mystic   Conj/Tloc      59%        2d12      5%          4
d - Jinxbite              Hex            100%       N/A       1%          2
e - Fulminant Prism       Conj/Hex       29%        3d14      5%          4
f - Freeze                Ice            100%       1d10      1%          1
g - Ensorcelled Hibernat  Hex/Ice        100%       N/A       1%          2
h - Dazzling Flash        Conj/Hex       100%       N/A       1%          3
i - Anguish               Hex/Necr       29%        N/A       5%          4
Your spell library was empty.

Dungeon Overview and Level Annotations

Branches:
Dungeon (7/15)             Temple (1/1) D:6          Bailey (1/1)

Altars:
Ashenzari
Cheibriados
Dithmenos
Elyvilon
Fedhas
Gozag
Hepliaklqana
Makhleb
Nemelex Xobeh
Okawaru
Qazlal
Ru
Trog
Uskayaw
Wu Jian
Xom
Yredelemnul
Zin
The Shining One

Shops:
D:1 (


Innate Abilities, Weirdness & Mutations

You are immune to sickness and miasma.
You are immune to poison.
Your flesh is very heat resistant. (rF++)
You are vulnerable to cold. (rC-)
You float through the air rather than walking.
You learn spells naturally, not from books.
Your magical power is your life essence.
You have superior vitality. (+4 MHP)


Message History

Your fulminant prism explodes!
You hear a shout! x3
Casting: Fulminant Prism (dangerous; 5% risk of failure)
Confirm with . or Enter, or press ? or * to list all spells.
You erupt in a blast of force!
The mystic blast hits the orc warrior!
The orc warrior is heavily wounded.
The orc warrior is knocked back by the mystic blast.
The mystic blast hits the orc warlord but does no damage.
The orc warlord is moderately wounded.
The orc warlord hits you with a +5 broad axe!!
* * * LOW HITPOINT WARNING * * *
The orc warlord is wracked by anguish!!
Your fulminant prism explodes!
The blast of energy engulfs the orc warlord!
The orc warlord is heavily wounded.
You hear a shout!
Unknown command.
Casting: Iskenderun's Mystic Blast (dangerous; 5% risk of failure)
Confirm with . or Enter, or press ? or * to list all spells.
You erupt in a blast of force!
The mystic blast hits the orc warrior!
The orc warrior is almost dead.
The orc warrior is knocked back by the mystic blast.
The mystic blast hits the orc warlord but does no damage.
The orc warlord is heavily wounded.
* * * LOW HITPOINT WARNING * * *
The orc warlord hits you with a +5 broad axe!
* * * LOW HITPOINT WARNING * * *
The orc warlord is wracked by anguish!
Unknown command.
Okay, then. [a] - 609 gold - haste, brilliance, resistance and enlightenment [b] - 405 gold - haste and enlightenment [c] - 300 gold - resistance and enlightenment Purchase which effect?
You no longer have enough gold to petition Gozag for potion effects.
You feel yourself speed up.
You feel clever all of a sudden.
You feel protected.
You feel more buoyant.
The orc warlord hits you with a +5 broad axe!
You die...
Your body crumbles into a pile of gold.

... ...### #'#.###
♣♣♣♣♣♣♣
###.$...###♣♣♣.....♣
##...o.....##.......♣♣
#...........#[.......♣
#........)..')......♣♣
#.....⌠)...)').∩.∩...♣
#.......o@..').)....♣♣
#........)).#........♣
##....$....##.......♣♣
###.$$..###♣♣♣.....♣
#$#.### ♣..♣♣♣♣ ...###
♣♣♣♣ ...... ........
..o.....#


You could see an orc warlord (anguished) and an orc warrior (strong).

Vanquished Creatures
  Pikel (D:7)
  A water moccasin (D:6)
  2 sky beasts (D:6)
  4 orc warriors (Bailey)
  2 ogres
  2 phantoms
  4 lemures (D:7)
  A gnoll sergeant (D:6)
  3 scorpions
  An orc priest (D:3)
  3 jellies
  4 hounds
  A sleepcap (D:5)
  3 iguanas
  2 orc wizards
  9 gnolls
  5 adders
  2 shadow imps (D:5)
  4 ufetubi
  2 worms (D:2)
  3 dart slugs
  9 orcs
  5 ball pythons
  3 endoplasms
  5 giant cockroaches
  14 goblins
  10 hobgoblins
  3 jackals (D:2)
  2 quokkas
  3 bats
  4 frilled lizards
  3 kobolds
  3 rats
123 creatures vanquished.

Vanquished Creatures (others)
  32 fulminant prisms
32 creatures vanquished.

Grand Total: 155 creatures vanquished

Notes
Turn   | Place    | Note
-------+----------+-------------------------------------------
     0 | D:1      | night the Djinni Conjurer began the quest for the Orb.
     0 | D:1      | night set off with the following spells memorised: Magic
                  | Dart, Searing Ray, Dazzling Flash, Fulminant Prism,
                  | Iskenderun's Mystic Blast.
     0 | D:1      | Reached XP level 1. HP: 15/15 MP: 0/0
   206 | D:1      | Found Gaezotih's Weapon Boutique.
   527 | D:1      | Reached XP level 2. HP: 21/22 MP: 0/0
   787 | D:2      | Reached skill level 1 in Fighting
  1004 | D:2      | Reached XP level 3. HP: 25/27 MP: 0/0
  1004 | D:2      | Learned a level 1 spell: Freeze
  1432 | D:3      | Reached skill level 2 in Fighting
  1536 | D:3      | Reached XP level 4. HP: 32/33 MP: 0/0
  2185 | D:3      | HP: 5/34 [orc wizard/+0 dagger (3)]
  2188 | D:3      | Reached skill level 3 in Fighting
  2188 | D:3      | Reached XP level 5. HP: 2/40 MP: 0/0
  2188 | D:3      | Learned a level 2 spell: Jinxbite
  2655 | D:4      | Found an opulent altar of Gozag.
  2660 | D:4      | Became a worshipper of Gozag Ym Sagoz the Greedy
  2671 | D:4      | Noticed an ogre
  2677 | D:4      | Killed an ogre
  2678 | D:4      | Reached XP level 6. HP: 8/47 MP: 0/0
  2830 | D:4      | Reached skill level 4 in Fighting
  2961 | D:4      | Found a broken altar of Ashenzari.
  2961 | D:4      | Found a snail-covered altar of Cheibriados.
  3338 | D:4      | Reached XP level 7. HP: 47/53 MP: 0/0
  3338 | D:4      | Learned a level 2 spell: Ensorcelled Hibernation
  3465 | D:5      | Entered Level 5 of the Dungeon
  3629 | D:5      | Reached skill level 5 in Spellcasting
  3629 | D:5      | Reached skill level 5 in Conjurations
  3629 | D:5      | Reached skill level 5 in Hexes
  3629 | D:5      | Reached skill level 5 in Summonings
  3629 | D:5      | Reached skill level 5 in Necromancy
  3629 | D:5      | Reached skill level 5 in Translocations
  3629 | D:5      | Reached skill level 5 in Transmutations
  3629 | D:5      | Reached skill level 5 in Fire Magic
  3629 | D:5      | Reached skill level 5 in Ice Magic
  3629 | D:5      | Reached skill level 5 in Air Magic
  3629 | D:5      | Reached skill level 5 in Earth Magic
  3629 | D:5      | Reached skill level 5 in Poison Magic
  3914 | D:5      | Reached skill level 5 in Fighting
  4720 | D:6      | Reached XP level 8. HP: 27/60 MP: 0/0
  4895 | D:6      | Reached skill level 6 in Fighting
  4948 | D:6      | Found a staircase to the Ecumenical Temple.
  4959 | Temple   | Entered the Ecumenical Temple
  5604 | D:6      | Identified the +1 dagger of the Present {holy, rC++ Str+2}
  5629 | D:6      | Reached skill level 7 in Fighting
  6039 | D:6      | Found a sparkling altar of Nemelex Xobeh.
  6208 | D:7      | Found a flagged portal.
  6211 | D:7      | Noticed Pikel
  6223 | D:7      | HP: 4/64 [Pikel/+2 whip of electrocution (8)]
  6223 | D:7      | Killed Pikel
  6224 | D:7      | Reached skill level 8 in Fighting
  6224 | D:7      | Reached XP level 9. HP: 5/70 MP: 0/0
  6224 | D:7      | Learned a level 4 spell: Anguish
  6231 | Bailey   | Entered a bailey
  6828 | Bailey   | Noticed an orc warlord
  6845 | Bailey   | HP: 2/71 [orc warlord/+5 broad axe (12)]
  6846 | Bailey   | Mangled by an orc warlord

Illustrated notes

Levels and vault maps discovered:
D:1:      minmay_arrival_plants_in_alcoves, layout_loops_ring, serial_shops,
          nicolae_shop_bloodbath_and_beyond
D:2:      layout_loops_ring, st_stairs_4
D:3:      layout_basic, minivault_27
D:4:      layout_loops_corners, mainiacjoe_overflow_brackets,
          gammafunk_temple_overflow_pools, st_stairs_8
D:5:      layout_gridville
D:6:      layout_rooms, nemelex_altar_shiori, minmay_temple_entry_antechambers,
          kennysheep_donut, dk_noncrumbling_2, minmay_misc_feat_room
D:7:      layout_basic, enter_bailey_5, uniq_menkaure, uniq_pikel, uniq_maurice
Temple:   nicolae_temple_bog_church
Bailey:   bailey_axe_minmay_hex_keep, bailey

Skill      XL: |  1  2  3  4  5  6  7  8 |
---------------+-------------------------+-----
Fighting       | 1 2 3 4 5 8 |  8.6
Spellcasting   | 4 5 7 |  7.3
Conjurations   | 4 5 7 |  7.3
Hexes          | 4 5 7 |  7.3
Summonings     | 4 5 7 |  7.3
Necromancy     | 4 5 7 |  7.3
Translocations | 4 5 7 |  7.3
Transmutations | 4 5 7 |  7.3
Fire Magic     | 4 5 7 |  7.3
Ice Magic      | 4 5 7 |  7.3
Air Magic      | 4 5 7 |  7.3
Earth Magic    | 4 5 7 |  7.3
Poison Magic   | 4 5 7 |  7.3
Dodging        | |  2.1
Stealth        | |  1.5

Action                     |  1- 3 |  4- 6 |  7- 9 || total
---------------------------+-------+-------+-------++-------
  Melee: Unarmed           |     4 |     1 |     5 ||    10
   Cast: Magic Dart        |    55 |    37 |    28 ||   120
         Searing Ray       |     5 |     7 |     9 ||    21
         Dazzling Flash    |     1 |       |     1 ||     2
         Iskenderun's Myst |       |     4 |    52 ||    56
         Fulminant Prism   |       |     2 |    30 ||    32
         Jinxbite          |       |       |     1 ||     1
         Ensorcelled Hiber |       |       |     1 ||     1
         Anguish           |       |       |     1 ||     1
 Invoke: Potion Petition   |       |       |     1 ||     1
    Use: Scroll            |       |       |     4 ||     4
 Armour: Robe              |     6 |     9 |    38 ||    53
         Leather armour    |       |       |     4 ||     4
  Dodge: Dodged            |    10 |     8 |    59 ||    77

Table legend: (Time is in decaauts)
 A = Elapsed time spent in this place.
 B = Non-inter-level travel time spent in this place.
 C = Inter-level travel time spent in this place.
 D = Time resting spent in this place.
 E = Time spent auto-exploring this place.
 F = Levels seen in this place.
 G = Mean time per level.
                   A        B        C        D        E       F      G
               +--------+--------+--------+--------+--------+-----+--------+
         Total |   6847 |   6674 |    173 |   1699 |   4104 |   9 |  760.8 |
       Dungeon |   6230 |   6057 |    173 |   1261 |   4098 |   7 |  890.0 |
        Temple |      1 |      1 |      0 |      0 |      0 |   1 |    1.0 |
        Bailey |    614 |    614 |      0 |    438 |      6 |   1 |  614.0 |
               +--------+--------+--------+--------+--------+-----+--------+

Top non-repeatable levels by time:
     D:5: 1694 daAuts
     D:6: 1037 daAuts
     D:4: 1034 daAuts
     D:3: 1018 daAuts
     D:2: 760 daAuts
     D:1: 650 daAuts
  Bailey: 614 daAuts
     D:7: 33 daAuts
  Temple: 1 daAuts
